 Dungeon Crawl Stone Soup version 0.31-a0-1499-ge0622b2318 (webtiles) character file.

Game seed: 2483857001373807059

2964 jasper the Carver (level 9, -1/148 HPs)
             Began as a Demonspawn Reaver on Dec 29, 2023.
             Was a Priest of Cheibriados.
             Succumbed to Amaemon's poison
             ... on level 8 of the Dungeon.
             The game lasted 00:09:56 (6733 turns).

jasper the Carver (Demonspawn Reaver)               Turns: 6733, Time: 00:09:56

Health: -1/148     AC: 24    Str: 20    XL:     9   Next: 52%
Magic:  12/12      EV:  2    Int: 22    God:    Cheibriados [***...]
Gold:   90         SH:  5    Dex: 27    Spells: 2/12 levels left

rFire   . . .        g - +1 scimitar (elec)
rCold   . . .        (no shield)
rNeg    . . .        m - melded +0 ring mail
rPois   +            x - melded +2 hat
rElec   +            (cloak currently unavailable)
rCorr   .            B - melded +0 pair of gloves
SInv    +            (boots currently unavailable)
Will    .....        i - amulet of reflection Stlth
                     j - ring of see invisible
HPRegen 0.44/turn    H - ring "Biuporch" {rElec Dex+6}
MPRegen 0.13/turn

%: reflection
@: mighty, berserking, lethally poisoned (-1 -> -11), tree-form, weakened, very
slow
A: stationary, stasis, torment immunity, boosted hp, (antennae 1), (molten
scales 2), foul stench 2, (shaggy fur 1)
a: Renounce Religion, Bend Time, Temporal Distortion


You were on level 8 of the Dungeon.
You worshipped Cheibriados.
Cheibriados was most pleased with you.
You were a tree.
You visited 2 branches of the dungeon, and saw 9 of its levels.

You collected 299 gold pieces.
You spent 209 gold pieces at shops.

Inventory:

Hand Weapons
 a - a +0 falchion
 e - a +0 dagger
 g - a +1 scimitar of electrocution (weapon)
 k - a +0 short sword
 G - a +1 scimitar of freezing
Missiles
 h - a boomerang
 l - 44 stones (quivered)
 w - 6 javelins
Armour
 b - a +0 leather armour
 m - a +0 ring mail (melded)
 x - a +2 hat (melded)
 B - a +0 pair of gloves (melded)
Jewellery
 i - an amulet of reflection (around neck)
 j - a ring of see invisible (left branch)
 v - a ring of willpower
 A - an amulet of faith
 D - a ring of fire
 H - the ring "Biuporch" (right branch) {rElec Dex+6}
   (You found it on level 7 of the Dungeon)

   [ring of dexterity]

   Dex+6:     It affects your dexterity (+6).
   rElec:     It insulates you from electricity.
Wands
 f - a wand of charming (12)
Scrolls
 t - 5 scrolls of noise
 u - 3 scrolls of teleportation
 y - a scroll of poison
 z - a scroll of fear
 F - 2 scrolls of blinking
Potions
 c - a potion of magic
 n - a potion of might
 o - 2 potions of resistance
 r - a potion of ambrosia
 s - a potion of invisibility {unknown}
 C - a potion of degeneration {unknown}
 E - a potion of heal wounds {unknown}


   Skills:
 + Level 4.5 Fighting
 * Level 10.7 Long Blades
 + Level 3.4 Armour
 + Level 4.0 Dodging
 - Level 2.0 Spellcasting
 - Level 3.0 Conjurations


You had 2 spell levels left.
You knew the following spells:

 Your Spells              Type           Power      Damage    Failure   Level
a - Kiss of Death         Conj/Necr      32%        2d7       8%          1
b - Sublimation of Blood  Necr           2%         N/A       21%         2
c - Fugue of the Fallen   Necr           2%         N/A       38%         3
d - Anguish               Hex/Necr       1%         N/A       80%         4

Your spell library contained the following spells:

 Spells                   Type           Power      Damage    Failure   Level
 Momentum Strike          Conj/Tloc      16%        3d8       11%         2
 Call Imp                 Summ           4%         N/A       21%         2
 Ensorcelled Hibernation  Hex/Ice        4%         N/A       21%         2
 Hailstorm                Conj/Ice       8%         3d5       22%         3
 Animate Dead             Necr           2%         N/A       80%         4
 Haunt                    Necr/Summ      1%         N/A       100%        7
 Summon Hydra             Summ           1%         N/A       100%        7
 Infestation              Necr           1%         N/A       100%        8


Dungeon Overview and Level Annotations

Branches:
Dungeon (8/15)             Temple (1/1) D:4
   Lair: D:8-11

Altars:
Ashenzari
Cheibriados
Fedhas
Gozag
Kikubaaqudgha
Makhleb
Nemelex Xobeh
Okawaru
Qazlal
Ru
Sif Muna
Uskayaw
Vehumet
Wu Jian
Xom
Yredelemnul

Shops:
D:3 *   D:5 !

Annotations:
D:8 Amaemon


Innate Abilities, Weirdness & Mutations

You are a tree.
Your roots penetrate the ground, keeping you stationary.
You cannot be teleported.
You are immune to unholy pain and torment.
Your maximum health is greatly increased.
Your equipment is partially melded.
((You have a pair of small antennae on your head.))
((You are mostly covered in molten scales. (AC +3)))
You sometimes emit foul miasma when damaged in melee.
((You are covered in fur. (AC +1)))


Message History

You feel sick. Amaemon hits you but does no damage.
You are more poisoned.
Amaemon claws you but does no damage.
Amaemon tail-slaps you but does no damage.
You take 2 damage, and have 11/99 hp.
You barely miss Amaemon.
Amaemon is heavily wounded.
* * * LOW HITPOINT WARNING * * *
You feel very sick. Amaemon hits you but does no damage.
You block Amaemon's attack.
Amaemon tail-slaps you but does no damage.
You take 3 damage, and have 8/99 hp.
You hit Amaemon but do no damage.
Amaemon is heavily wounded.
* * * LOW HITPOINT WARNING * * *
You feel very sick. Amaemon hits you but does no damage.
Amaemon claws you but does no damage. You block Amaemon's attack.
You take 3 damage, and have 5/99 hp.
You slash Amaemon!
Amaemon is severely wounded.
* * * LOW HITPOINT WARNING * * *
You feel sick.
Amaemon hits you with a -2 demon whip of venom.
* * * LOW HITPOINT WARNING * * *
You emit a cloud of foul miasma!
You block Amaemon's attack.
Amaemon tail-slaps you but does no damage.
You take 3 damage, and have 2/99 hp.
It was a potion of berserk rage.
A red film seems to cover your vision as you go berserk!
Cheibriados protects you from inadvertent hurry.
You feel mighty!
* * * LOW HITPOINT WARNING * * *
You feel very sick. You block Amaemon's attack.
Amaemon claws you but does no damage.
Amaemon tail-slaps you but does no damage.
You now have 1/148 hp.
You barely miss Amaemon.
Amaemon is severely wounded.
You die...

#.#.... .
#.#.... ...
##.....# ...
......### ../
#......# .#.
#......+ #.
..##......# #.
........6.## ##
....#+##♣..#...
. #.........
#.........
+.........
#.........
#.........
#.........
#.....!..#
####....#


You could see Amaemon.

Vanquished Creatures
  An orange demon (D:8)
  An unseen horror zombie (D:7)
  Menkaure (D:6)
  A water moccasin (D:6)
  An ice beast (D:6)
  An orc warrior (D:7)
  2 ogres
  A sky beast (D:6)
  2 phantoms
  2 bullfrogs
  2 wyvern zombies (D:7)
  3 scorpions
  4 wights (D:6)
  A howler monkey (D:7)
  4 centaur zombies (D:7)
  A bullfrog zombie (D:7)
  A jelly (D:4)
  A bombardier beetle (D:6)
  4 hounds
  3 orc priests
  3 iguanas
  2 sleepcaps
  6 orc wizards
  10 adders
  A ribbon worm (D:5)
  A shadow imp (D:6)
  2 white imps (D:6)
  2 dart slugs
  16 orcs
  6 ball pythons
  6 endoplasms
  6 giant cockroaches
  8 goblins
  8 hobgoblins
  5 jackals
  4 quokkas
  5 bats
  3 frilled lizards
  7 kobolds
  7 rats
145 creatures vanquished.

Vanquished Creatures (collateral kills)
  2 gnolls (D:8)
2 creatures vanquished.

Grand Total: 147 creatures vanquished

Notes
Turn   | Place    | Note
-------+----------+-------------------------------------------
     0 | D:1      | jasper the Demonspawn Reaver began the quest for the Orb.
     0 | D:1      | Reached XP level 1. HP: 16/16 MP: 3/3
    87 | D:1      | Reached skill level 3 in Long Blades
   181 | D:1      | Gained mutation: You have a pair of small antennae on your
                  | head. [demonic ancestry]
   181 | D:1      | Reached XP level 2. HP: 12/22 MP: 5/5
   849 | D:1      | Reached XP level 3. HP: 27/27 MP: 6/6
  1403 | D:2      | Reached skill level 4 in Long Blades
  1658 | D:2      | Gained mutation: You may rarely emit foul miasma when
                  | damaged in melee. [demonic ancestry]
  1658 | D:2      | Reached XP level 4. HP: 33/33 MP: 7/7
  2011 | D:3      | Found Teeziy Rimm's General Store.
  2017 | D:3      | Bought a scroll of fear for 40 gold pieces
  2720 | D:4      | Found a stormy altar of Qazlal.
  2837 | D:4      | Reached skill level 5 in Long Blades
  2941 | D:4      | Reached XP level 5. HP: 35/38 MP: 8/8
  3126 | D:4      | Reached skill level 6 in Long Blades
  3203 | D:4      | Noticed a phantom
  3214 | D:4      | Killed a phantom
  3215 | D:4      | Gained mutation: You sometimes emit foul miasma when
                  | damaged in melee. [demonic ancestry]
  3215 | D:4      | Reached XP level 6. HP: 41/44 MP: 9/9
  3345 | D:4      | Found a staircase to the Ecumenical Temple.
  3355 | Temple   | Entered the Ecumenical Temple
  3383 | Temple   | Became a worshipper of Cheibriados the Contemplative
  3630 | D:4      | Found a hide-covered altar of Uskayaw.
  3638 | D:4      | Found an opulent altar of Gozag.
  3768 | D:5      | Entered Level 5 of the Dungeon
  4047 | D:5      | Reached skill level 7 in Long Blades
  4239 | D:5      | Found Ketihim's Distillery.
  4245 | D:5      | Bought a potion of curing for 39 gold pieces
  4245 | D:5      | Bought a potion of resistance for 130 gold pieces
  4378 | D:5      | Reached XP level 7. HP: 38/50 MP: 10/10
  4382 | D:5      | Reached * piety under Cheibriados
  4387 | D:5      | Found a sacrificial altar of Ru.
  4603 | D:5      | Reached skill level 8 in Long Blades
  5108 | D:6      | Reached skill level 9 in Long Blades
  5108 | D:6      | Gained mutation: You are partially covered in molten
                  | scales. (AC +2) [demonic ancestry]
  5108 | D:6      | Reached XP level 8. HP: 26/56 MP: 11/11
  5447 | D:6      | Reached skill level 1 in Armour
  5453 | D:6      | Reached ** piety under Cheibriados
  6081 | D:7      | Reached skill level 10 in Long Blades
  6166 | D:7      | Noticed Menkaure
  6319 | D:6      | Killed Menkaure
  6320 | D:6      | Gained mutation: You are mostly covered in molten scales.
                  | (AC +3) [demonic ancestry]
  6320 | D:6      | Reached XP level 9. HP: 15/64 MP: 12/12
  6323 | D:6      | Learned a level 2 spell: Sublimation of Blood
  6327 | D:6      | Learned a level 3 spell: Fugue of the Fallen
  6332 | D:6      | Learned a level 4 spell: Anguish
  6537 | D:7      | Found a basalt altar of Yredelemnul.
  6679 | D:7      | Reached *** piety under Cheibriados
  6691 | D:7      | Identified the ring "Biuporch" {rElec Dex+6}
  6700 | D:7      | HP: 1/65 [orc priest/divine providence (17)]
  6708 | D:8      | Noticed an orange demon
  6711 | D:8      | Gained mutation: You are covered in fur. (AC +1) [potion of
                  | mutation]
  6711 | D:8      | Gained mutation: You occasionally lose the ability to read
                  | scrolls when taking damage. [potion of mutation]
  6711 | D:8      | Lost mutation: You occasionally lose the ability to read
                  | scrolls when taking damage. [potion of mutation]
  6719 | D:8      | Noticed Amaemon
  6724 | D:8      | Killed an orange demon
  6731 | D:8      | HP: 3/99 [poisoned by Amaemon]
  6732 | D:8      | HP: 1/148 [poisoned by Amaemon]
  6733 | D:8      | Succumbed to Amaemon's poison

Illustrated notes

Levels and vault maps discovered:
D:1:      psy_arrival_statuary, layout_basic, minmay_misc_feat_encased,
          grunt_decor_fettered
D:2:      layout_rooms
D:3:      layout_rooms, serial_shops, shop
D:4:      layout_loops_ring, jmf_multi_god_temple2,
          mainiacjoe_overflow_concentric_impassable,
          minmay_temple_entry_stoned_glass, serial_co_window_serial,
          co_window_corner_a, co_window_corner_a, co_window_paths_b,
          co_window_paths_a, co_window_paths_b, co_window_corner_a,
          co_window_paths_b, co_window_paths_c, co_window_2corner,
          co_window_paths_c, co_window_paths_c, co_window_paths_c,
          co_window_unsneaky_path_e, glass_columns_b, glass_columns_b
D:5:      layout_loops_corners, mainiacjoe_overflow_brackets, serial_shops, shop
D:6:      layout_cave_pools, grunt_decor_one_mirror
D:7:      layout_cave_pools, nicolae_yredelemnul_corpse_copse,
          mainiacjoe_overflow_cross_hatched, roderic_serpentine_path,
          kennysheep_generic_room_15, uniq_joseph, uniq_menkaure
D:8:      layout_basic, kennysheep_little_box, lair_entry_dummy,
          amcnicky_mini_rare_corridor_liquid, minmay_stone_trees_small,
          uniq_amaemon
Temple:   compressed_dpeg_circular_temple

Skill      XL: |  1  2  3  4  5  6  7  8  9 |
---------------+----------------------------+-----
Long Blades    | 3 4 5 6 7 9 10 | 10.7
Dodging        | 3 4 |  4.0
Armour         | 2 3 |  3.4
Fighting       | 3 4 |  4.5
Spellcasting   | |  2.0
Conjurations   | |  3.0

Action                     |  1- 3 |  4- 6 |  7- 9 || total
---------------------------+-------+-------+-------++-------
  Melee: Falchion          |    60 |       |       ||    60
         Punch             |     2 |       |     4 ||     6
         Scimitar          |    71 |   138 |   219 ||   428
  Throw: Stone             |     1 |     4 |     6 ||    11
  Evoke: Wand              |       |       |     1 ||     1
    Use: Scroll            |     5 |     8 |     3 ||    16
         Potion            |       |       |     6 ||     6
   Stab: Sleeping          |     1 |       |       ||     1
 Armour: Leather armour    |    60 |       |       ||    60
         Ring mail         |    12 |    64 |   144 ||   220
         Skin              |       |       |    17 ||    17
  Dodge: Dodged            |    73 |    61 |   114 ||   248
  Block: Other             |     9 |    24 |    54 ||    87
         Reflection        |     1 |       |       ||     1

Table legend: (Time is in decaauts)
 A = Elapsed time spent in this place.
 B = Non-inter-level travel time spent in this place.
 C = Inter-level travel time spent in this place.
 D = Time resting spent in this place.
 E = Time spent auto-exploring this place.
 F = Levels seen in this place.
 G = Mean time per level.
                   A        B        C        D        E       F      G
               +--------+--------+--------+--------+--------+-----+--------+
         Total |   7333 |   7056 |    277 |    798 |   4797 |   9 |  814.8 |
       Dungeon |   7271 |   7048 |    223 |    798 |   4797 |   8 |  908.9 |
        Temple |     61 |      8 |     53 |      0 |      0 |   1 |   61.0 |
               +--------+--------+--------+--------+--------+-----+--------+

Top non-repeatable levels by time:
     D:6: 1774 daAuts
     D:5: 1343 daAuts
     D:1: 1339 daAuts
     D:4: 1310 daAuts
     D:3: 627 daAuts
     D:2: 568 daAuts
     D:7: 277 daAuts
  Temple: 61 daAuts
     D:8: 31 daAuts
